 Dungeon Crawl Stone Soup version 0.26-a0-812-g31a745ddcd (webtiles) character file.

Game seed: 4919365180290989654

117 ipx the Digger (level 4, -1/24 HPs)
             Began as a Deep Elf Earth Elementalist on Dec 8, 2020.
             Was a Believer of Makhleb.
             Killed by divine providence
             ... invoked by an orc priest
              (14 damage)
             ... on level 3 of the Dungeon.
             The game lasted 00:08:54 (780 turns).

ipx the Digger (Deep Elf Earth Elementalist)         Turns: 780, Time: 00:08:54

Health: -1/24      AC:  2    Str:  3 (5)  XL:     4   Next: 71%
Magic:  2/10       EV: 17    Int: 19 (21) God:    Makhleb [**....]
Gold:   42         SH:  0    Dex: 14 (15) Spells: 8/9 levels left

rFire    . . .     SeeInvis .   a - +3 short sword (venom)
rCold    . . .     Faith    .   (no shield)
rNeg     . . .     Spirit   .   c - +0 robe
rPois    .         Reflect  .   (no helmet)
rElec    .         Harm     .   (no cloak)
rCorr    .         Rampage  .   (no gloves)
MR       .....                  (no boots)
Stlth    ++........             (no amulet)
HPRegen  0.08/turn              E - +4 ring of evasion
MPRegen  0.12/turn              (no ring)

@: very slightly contaminated, invisible
A: no striking features
a: Minor Destruction, Renounce Religion


You were on level 3 of the Dungeon.
You worshipped Makhleb.
Makhleb was pleased with you.
You visited 1 branch of the dungeon, and saw 4 of its levels.

You collected 42 gold pieces.

Inventory:

Hand Weapons
 a - a +3 short sword of venom (weapon)
Missiles
 b - 58 stones (quivered)
 k - 9 poisoned darts
Armour
 c - a +0 robe (worn)
Jewellery
 E - a +4 ring of evasion (left hand)
Wands
 h - a wand of polymorph (8)
Scrolls
 e - a scroll of magic mapping {unknown}
 g - 5 scrolls of identify {unknown}
 i - 4 scrolls of fog {unknown}
 l - a scroll of teleportation {unknown}
 m - a scroll of immolation {unknown}
 n - a scroll of remove curse {unknown}
 p - a scroll of enchant weapon {unknown}
Potions
 d - a potion of degeneration
 f - a potion of invisibility
 j - a potion of brilliance {unknown}
 o - a potion of heal wounds {unknown}
 q - a potion of curing {unknown}


   Skills:
 + Level 3.0 Short Blades
 - Level 2.4 Dodging
 - Level 2.4 Stealth
 - Level 3.0 Spellcasting
   Level 1.1 Transmutations
 + Level 4.9 Earth Magic


You had 8 spell levels left.
You knew the following spells:

 Your Spells              Type           Power        Failure   Level
q - Sandblast             Erth           ###...       1%          1

Your spell library contained the following spells:

 Spells                   Type           Power        Failure   Level
 Passwall                 Tmut/Erth      ##......     7%          2
 Stone Arrow              Conj/Erth      ##....       17%         3
 Petrify                  Tmut/Erth      ##......     41%         4
 Lee's Rapid Deconstruct  Erth           ###.......   50%         5


Dungeon Overview and Level Annotations

Branches:
Dungeon (4/15)
 Temple: D:4-7

Altars:
Makhleb
Yredelemnul


Message History

Confirm with . or Enter, or press ? or * to list all spells.
Aiming: Sandblast (safe; 1% risk of failure)
Press: ? - help, Shift-Dir - straight line, f - orc priest
Aim: an orc priest, wielding a +0 flail The blast of sand hits the orc priest.
The orc priest is heavily wounded.
b - 59 stones
Casting: Sandblast (safe; 1% risk of failure)
Confirm with . or Enter, or press ? or * to list all spells.
Aiming: Sandblast (safe; 1% risk of failure)
Press: ? - help, Shift-Dir - straight line, f/p - orc priest
Aim: an orc priest, wielding a +0 flail (heavily wounded, wandering, hasn't noticed you)
The blast of sand hits the orc priest!
The orc priest is almost dead.
b - 58 stones The orc priest shouts!
The orc priest calls down the wrath of Beogh upon you.
Beogh smites you!
Ouch! That really hurt!
You die... # #.# ## #### # #.# .. #... ############+## #.## #).. .........##...## ooo

# #<.# .....P.P.#.....## ..##.#
#..# ......_.........## o....#
#..# .....P.P.........####)..####
#..# ..†..............)oo........
....
................@####...#######.#
##..#####.......## ..## #.. ##.#
##.....## .## ## ##.#### ##...##
.# #.....# ##'## .# #..##.# #.#
.# #..##.# #.# .# #..##.#####.##
#............##


You could see an orc priest and an orc.

Vanquished Creatures
  An orc priest (D:3)
  An orc wizard (D:3)
  2 adders (D:2)
  3 worms
  A leopard gecko (D:3)
  3 orcs
  4 hobgoblins
  5 jackals (D:2)
  5 bats
  2 frilled lizards
  4 goblins
  3 kobolds
  4 rats
38 creatures vanquished.

Vanquished Creatures (others)
  An orc (D:3)
1 creature vanquished.

Grand Total: 39 creatures vanquished

Notes
Turn   | Place    | Note
-------+----------+-------------------------------------------
     0 | D:1      | ipx the Deep Elf Earth Elementalist began the quest for the
                  | Orb.
     0 | D:1      | Reached XP level 1. HP: 10/10 MP: 6/6
   218 | D:2      | Reached skill level 1 in Short Blades
   218 | D:2      | Reached XP level 2. HP: 15/15 MP: 5/8
   281 | D:2      | Reached skill level 4 in Earth Magic
   328 | D:2      | Reached XP level 3. HP: 19/19 MP: 7/9
   343 | D:2      | Found a faded altar of an unknown god.
   346 | D:2      | Became a worshipper of Makhleb the Destroyer
   346 | D:2      | Reached * piety under Makhleb
   714 | D:3      | Found a basalt altar of Yredelemnul.
   724 | D:4      | Reached ** piety under Makhleb
   769 | D:3      | Reached XP level 4. HP: 24/24 MP: 6/10
   780 | D:3      | Killed from afar by an orc priest

Illustrated notes

Levels and vault maps discovered:
D:1:      psy_arrival_fountain, layout_basic, serial_aquarium,
          aquarium_bridge_square [aquarium_subvault_window,
          aquarium_subvault_wall, aquarium_subvault_bridge,
          aquarium_subvault_bridge], aquarium_bridge_long_separate
          [aquarium_subvault_bridge, aquarium_subvault_balcony,
          aquarium_subvault_wall, aquarium_subvault_wall,
          aquarium_subvault_bridge, aquarium_subvault_bridge],
          aquarium_window_corridor_3, aquarium_window_corner,
          aquarium_window_fake, aquarium_view_2c, nemelex_altar_shiori
D:2:      layout_loops_ring, chequers_ecumenical_altar_grove
D:3:      layout_loops_corners, kennysheep_pointless_box,
          yredelemnul_altar_generic
D:4:      layout_loops_cross

Skill      XL: |  1  2  3  4 |
---------------+-------------+-----
Short Blades   | 1 2 3 |  3.0
Earth Magic    | 4 |  4.9
Dodging        | |  2.4
Stealth        | |  2.4
Spellcasting   | |  3.0
Transmutations | |  1.1

Action                   |  1- 3 |  4- 6 || total
-------------------------+-------+-------++-------
Melee: Short sword       |    39 |       ||    39
 Cast: Sandblast         |    25 |     6 ||    31
  Use: Potion            |       |     2 ||     2
 Stab: Sleeping          |     4 |       ||     4
Armor: Robe              |     6 |       ||     6
Dodge: Dodged            |    23 |       ||    23

Table legend: (Time is in decaauts)
 A = Elapsed time spent in this place.
 B = Non-inter-level travel time spent in this place.
 C = Inter-level travel time spent in this place.
 D = Time resting spent in this place.
 E = Time spent auto-exploring this place.
 F = Levels seen in this place.
 G = Mean time per level.
                   A        B        C        D        E       F      G
               +--------+--------+--------+--------+--------+-----+--------+
         Total |    779 |    779 |      0 |      0 |      0 |   4 |  194.8 |
       Dungeon |    779 |    779 |      0 |      0 |      0 |   4 |  194.8 |
               +--------+--------+--------+--------+--------+-----+--------+

Top non-repeatable levels by time:
     D:2: 360 daAuts
     D:3: 266 daAuts
     D:1: 149 daAuts
     D:4: 3 daAuts
